 Dungeon Crawl Stone Soup version 0.31-a0-167-g1c394c0614 (webtiles) character file.

Game seed: 1012993497880688582

361031 freelancePsychic the Warrior (level 21, -6/177 HPs)
             Began as a Mummy Wanderer on June 9, 2023.
             Was the Champion of Nemelex Xobeh.
             Killed by dispel undead
             ... invoked by a revenant
              (75 damage)
             ... on level 2 of the Crypt on June 14, 2023.
             The game lasted 01:37:12 (56811 turns).

freelancePsychic the Warrior (Mummy Wanderer)      Turns: 56811, Time: 01:37:13

Health: -6/177     AC: 44    Str: 27      XL:     21   Next: 49%
Magic:  49/49      EV: 12    Int:  8 (9)  God:    Nemelex Xobeh [******]
Gold:   2872       SH: 27    Dex: 29      Spells: 20/20 levels left

rFire   + + .        a - +3 Elemental Staff {rElec rF+ rC+ AC+3}
rCold   + + +        r - +0 tower shield
rNeg    + + +        g - +5 crystal plate armour
rPois   ∞            z - +2 helmet "Yneig" {Contam rElec rPois Dex+4}
rElec   +            R - +2 cloak {Will+}
rCorr   .            A - +1 pair of gloves "Cushen Pupu" {rC+ MP+9}
SInv    .            K - +2 pair of boots {Fly}
Will    +....        L - amulet of reflection Stlth
                     E - +6 ring of dexterity
HPRegen 0.49/turn    q - ring "Ruprieq" {Contam rF++ MP+9 Dex+6 Stlth+}
MPRegen 0.31/turn

%: reflection, faith
@: weak-willed, flying, studying Conjurations
A: cold resistance 1, negative energy resistance 3, torment resistance 2, heat
vulnerability 1, in touch with death 2, no potions, faith
}: 2/15 runes: barnacled, gossamer
a: Renounce Religion, Draw Escape, Draw Destruction, Draw Summoning, Triple
Draw, Deal Four, Stack Five


You were on level 2 of the Crypt.
You worshipped Nemelex Xobeh.
Nemelex Xobeh was exalted by your worship.
You visited 8 branches of the dungeon, and saw 39 of its levels.
You also visited: Ice Cave.

You collected 4857 gold pieces.
You spent 1985 gold pieces at shops.

Inventory:

Hand Weapons
 a - the +3 Elemental Staff (weapon) {rElec rF+ rC+ AC+3}
   (You found it on level 1 of the Elven Halls)

   It enhances your fire, ice, earth and air magic.
   AC:        It affects your AC (+3).
   rF:        It protects you from fire.
   rC:        It protects you from cold.
   rElec:     It insulates you from electricity.
 b - a +4 spectral morningstar
 c - a +3 quarterstaff of chaos
 I - the +5 flail "Nituox" {flame, rC+}
   (You found it on level 1 of the Lair of Beasts)

   rC:        It protects you from cold.
Missiles
 D - 5 throwing nets
Armour
 g - a +5 crystal plate armour (worn)
 r - a +0 tower shield (worn)
 z - the +2 helmet "Yneig" (worn) {Contam rElec rPois Dex+4}
   (You found it on level 3 of the Elven Halls)

   Dex:       It affects your dexterity (+4).
   rElec:     It insulates you from electricity.
   rPois:     It protects you from poison.
   Contam:    It causes magical contamination when unequipped.
 A - the +1 pair of gloves "Cushen Pupu" (worn) {rC+ MP+9}
   (You found it on level 5 of the Lair of Beasts)

   rC:        It protects you from cold.
   MP:        It affects your magic capacity (+9).
 K - a +2 pair of boots of flying (worn)
 R - a +2 cloak of willpower (worn)
Jewellery
 i - a ring of resist corrosion
 p - a ring of protection from fire
 q - the ring "Ruprieq" (right hand) {Contam rF++ MP+9 Dex+6 Stlth+}
   (You found it on level 15 of the Dungeon)

   [ring of dexterity]

   Dex:       It affects your dexterity (+6).
   rF:        It greatly protects you from fire.
   MP:        It affects your magic capacity (+9).
   Contam:    It causes magical contamination when unequipped.
   Stlth:     It makes you more stealthy.
 u - a ring of ice
 v - a ring of protection from cold
 w - a ring of wizardry
 x - an amulet of the acrobat
 B - a ring of protection from cold
 C - the amulet "Zeezes" {RegenMP +Blink}
   (You found it on level 8 of the Dungeon)

   [amulet of magic regeneration]

   It increases your rate of magic regeneration.
   +Blink:    It lets you blink.
 E - a +6 ring of dexterity (left hand)
 H - a +4 ring of protection
 L - an amulet of reflection (around neck)
 M - a ring of willpower
 S - a ring of flight
 V - a ring of wizardry
Wands
 f - a wand of light (36)
 t - a wand of paralysis (61)
 y - a wand of flame (99)
 G - a wand of digging (9)
 T - a wand of polymorph (26)
 Y - a wand of mindburst (22)
 Z - a wand of iceblast (25)
Scrolls
 d - 5 scrolls of fog
 h - 3 scrolls of immolation
 j - 2 scrolls of enchant weapon
 l - 5 scrolls of teleportation {@r4}
 m - 4 scrolls of silence
 n - 2 scrolls of butterflies
 s - a scroll of enchant armour
 F - a scroll of blinking
 J - 10 scrolls of noise
 N - 4 scrolls of amnesia
 O - 5 scrolls of revelation
 P - 19 scrolls of identify {@r1}
 Q - 2 scrolls of fear
 W - a scroll of brand weapon
 X - 6 scrolls of poison
Miscellaneous
 e - a phial of floods (quivered)
 k - a tin of tremorstones (1/2)
 o - a lightning rod (4/4)
 U - a phial of floods


   Skills:
 - Level 18.0 Fighting
 - Level 16.0(16.4) Maces & Flails
 - Level 6.0(12.0) Staves
 - Level 13.5 Armour
 - Level 10.0 Dodging
 - Level 1.2 Stealth
 + Level 12.7 Shields
 - Level 1.5 Unarmed Combat
 + Level 14.4 Invocations
 - Level 12.0 Evocations


You had 20 spell levels left.
You didn't know any spells.
Your spell library contained the following spells:

 Spells                   Type           Power      Damage    Failure   Level
 Apportation              Tloc           0%         N/A       100%        1
 Foxfire                  Conj/Fire      0%         2x1d4     100%        1
 Kiss of Death            Conj/Necr      0%         2d5       100%        1
 Magic Dart               Conj           0%         1d3       100%        1
 Necrotise                Necr           0%         1d4       100%        1
 Shock                    Conj/Air       0%         1d3       100%        1
 Summon Small Mammal      Summ           0%         N/A       100%        1
 Call Imp                 Summ           0%         N/A       100%        2
 Cigotuvi's Dreadful Rot  Necr/Pois/Air  0%         N/A       100%        2
 Ensorcelled Hibernation  Hex/Ice        0%         N/A       100%        2
 Poisonous Vapours        Pois/Air       0%         N/A       100%        2
 Searing Ray              Conj           0%         2d4       100%        2
 Call Canine Familiar     Summ           0%         N/A       100%        3
 Gell's Gravitas          Tloc           0%         N/A       100%        3
 Hailstorm                Conj/Ice       0%         3d3       100%        3
 Inner Flame              Hex/Fire       0%         N/A       100%        3
 Mephitic Cloud           Conj/Pois/Air  0%         N/A       100%        3
 Portal Projectile        Hex/Tloc       0%         N/A       100%        3
 Stone Arrow              Conj/Erth      0%         3d7       100%        3
 Summon Guardian Golem    Hex/Summ       0%         N/A       100%        3
 Swiftness                Air            0%         N/A       100%        3
 Teleport Other           Tloc           0%         N/A       100%        3
 Tukima's Dance           Hex            0%         N/A       100%        3
 Vhi's Electric Charge    Tloc/Air       0%         N/A       100%        3
 Airstrike                Air            0%         2d(0-16)  100%        4
 Anguish                  Hex/Necr       0%         N/A       100%        4
 Animate Armour           Summ/Erth      0%         N/A       100%        4
 Animate Dead             Necr           0%         N/A       100%        4
 Dispel Undead            Necr           0%         3d6       100%        4
 Fulminant Prism          Conj/Hex       0%         3d5       100%        4
 Petrify                  Tmut/Erth      0%         N/A       100%        4
 Summon Lightning Spire   Summ/Air       0%         N/A       100%        4
 Alistair's Intoxication  Tmut/Pois      0%         N/A       100%        5
 Arcjolt                  Conj/Air       0%         1d10      100%        5
 Borgnjor's Vile Clutch   Necr/Erth      0%         N/A       100%        5
 Fireball                 Conj/Fire      0%         3d3       100%        5
 Freezing Cloud           Conj/Ice/Air   0%         6-21      100%        5
 Iskenderun's Battlesphe  Conj           0%         2d6       100%        5
 Metabolic Englaciation   Hex/Ice        0%         N/A       100%        5
 Summon Forest            Summ/Tloc      0%         N/A       100%        5
 Conjure Ball Lightning   Conj/Air       0%         3x3d6     100%        6
 Death Channel            Necr           0%         N/A       100%        6
 Dispersal                Tloc           0%         N/A       100%        6
 Eringya's Noxious Bog    Tmut/Pois      0%         N/A       100%        6
 Leda's Unmaking          Conj/Erth      0%         9d1       100%        6
 Plasma Beam              Fire/Air       0%         2x1d10    100%        6
 Simulacrum               Ice/Necr       0%         N/A       100%        6
 Starburst                Conj/Fire      0%         6d3       100%        6
 Haunt                    Necr/Summ      0%         N/A       100%        7
 Spellforged Servitor     Conj/Summ      0%         N/A       100%        7
 Summon Hydra             Summ           0%         N/A       100%        7
 Discord                  Hex            0%         N/A       100%        8
 Disjunction              Tloc           0%         N/A       100%        8
 Infestation              Necr           0%         N/A       100%        8
 Lehudib's Crystal Spear  Conj/Erth      0%         10d2      100%        8
 Fire Storm               Conj/Fire      0%         5d1       100%        9
 Sublimation of Blood     Necr           Unusable   N/A       N/A         2
 Wereblood                Tmut           Unusable   N/A       N/A         2
 Spider Form              Tmut/Pois      Unusable   N/A       N/A         3
 Ice Form                 Ice/Tmut       Unusable   N/A       N/A         4
 Blade Hands              Tmut           Unusable   N/A       N/A         5
 Statue Form              Tmut/Erth      Unusable   N/A       N/A         6

Dungeon Overview and Level Annotations

Branches:
Dungeon (15/15)            Temple (0/1) D:6            Lair (5/5) D:8
 Shoals (4/4) Lair:2       Spider (4/4) Lair:3        Slime (0/5) Lair:5
    Orc (2/2) D:11            Elf (3/3) Orc:2        Vaults (4/5) D:13
  Crypt (2/3) Vaults:2     Depths (0/4) D:15          IceCv (visited)

Altars:
Cheibriados
Dithmenos
Fedhas
Gozag
Hepliaklqana
Kikubaaqudgha
Makhleb
Nemelex Xobeh
Okawaru
Qazlal
Ru
Sif Muna
Vehumet
Xom
Yredelemnul
Jiyva

Shops:
D:6 [   D:13 (   Orc:2 *(*=   Elf:1 *   Shoals:4 !   Vaults:2 (   Vaults:3 (
Vaults:4 !

Portals:
Pandemonium: Orc:2

Annotations:
D:6 1 runed translucent door, liarliar's ghost, amateur GrMo
D:13 exclusion: ice statue
Shoals:2 1 runed translucent door, Ygheper's ghost, adept TeAE
Spider:4 exclusion: spark wasp
Elf:2 3 runed translucent doors


Innate Abilities, Weirdness & Mutations

You are immune to poison.
Your flesh is cold resistant. (rC+)
You are immune to negative energy. (rN+++)
You are immune to unholy pain and torment.
You are vulnerable to heat. (rF-)
You are strongly in touch with the powers of death.
You do not drink.
You have a special connection with the divine. (Faith)


Message History

You are too injured to fight recklessly!
You draw a card...
You have drawn Wild Magic.
Sand pours from the revenant's hands.
Sparks fly from the skeletal warrior's hands!!
The skeletal warrior convulses helplessly with pain.
The skeletal warrior completely resists.
You feel a surge of magic.
A ghoul comes into view.
The revenant hits you.
You block the skeletal warrior's attack.
You thump the revenant! You crush the revenant!
The revenant is moderately damaged.
An eidolon comes into view.
The revenant closely misses you.
You block the skeletal warrior's attack.
You draw a card...
You have drawn the Orb.
Press: ? - help, Shift-Dir - straight line, f - revenant
Aim: a revenant (spectral mist, moderately damaged)
The wavering orb of destruction weakly hits the revenant!
The revenant is heavily damaged.
The eidolon gives a chilling moan.
You hear a chilling moan.
The revenant hits you but does no damage.
A skeletal warrior comes into view. It is wielding a +0 short sword.
The skeletal warrior hits you from afar with a +0 vampiric glaive!!
You draw a card...
You have drawn Wild Magic.
The skeletal warrior is hit by flying rocks.
The spectral naga warrior is blasted with searing flames!
The skeletal warrior's body twists unnaturally.
The ghoul is briefly tinged with green.
The ghoul completely resists.
The air around the eidolon crackles with energy!
The skeletal warrior is caught in an explosion of flying shrapnel.
You feel a surge of magic.
Your rakshasa gestures at the skeletal warrior.
The lance of force hits the skeletal warrior!
The skeletal warrior is knocked back by the lance of force.
The revenant casts a spell at you.
You convulse!
You die...
Your body glows with a rainbow of weird colours and disappears.

.......#.....#............
.......#.....#............
.......#######."..z.z#
###...............W..#
.##.............z..n.#
..#..###########...○.#
..#..# #.°○°.# ..#..#
#.z°Z.# ..#..# #@..°○#
..#..# #☼.R..### .##..#
#........ ###..# #........
.....# #.....### .....#
#.....#
.....###########..(..#
.....................#
#####................#


You could see a ghoul, a revenant, an eidolon, 3 skeletal warriors, a spectral
naga warrior (summoned) and a friendly rakshasa (summoned).

Vanquished Creatures
  A juggernaut (Vaults:2)
  A shard shrike (IceCv)
  A lich (Crypt:2)
  Asterion (Vaults:3)
  2 deep elf master archers (Elf:3)
  2 deep elf blademasters (Elf:3)
  An acid blob (Elf:1)
  2 ancient champions (Crypt:1)
  2 storm dragons (Elf:1)
  A sphinx (Vaults:2)
  Kirke (Shoals:2)
  4 emperor scorpions
  5 deep elf elementalists
  9 vault wardens
  7 deep elf sorcerers
  8 ghost moths
  An orc warlord (Vaults:3)
  2 ghouls (Crypt:1)
  The ghost of Tawep the Eclecticist, a journeyman DECj of Vehumet (Shoals:1)
  12 ironbound preservers
  2 war gargoyles
  2 vampire knights (Crypt:1)
  3 curse skulls
  3 broodmothers
  A formless jellyfish (Vaults:2)
  A very ugly thing (Vaults:3)
  A stone giant (Vaults:3)
  6 ironbound thunderhulks
  9 deep elf demonologists (Elf:3)
  3 spark wasps
  A white draconian (IceCv)
  Azrael (Spider:2)
  7 deep elf annihilators (Elf:3)
  Snorg (D:10)
  5 deep elf death magi
  2 eidola
  3 dire elephants
  6 merfolk impalers
  2 jiangshi (Crypt:1)
  3 merfolk javelineers
  A deep elf high priest (Elf:3)
  A fire dragon (Shoals:4)
  5 vault guards
  9 yaktaur captains
  10 entropy weavers
  An ogre mage (D:15)
  3 hydras
  2 peacekeepers
  5 great orbs of eyes
  4 ice dragons
  Harold (D:9)
  A catoblepas (Lair:3)
  2 demonspawn (Orc:2)
  A death knight (Crypt:1)
  6 merfolk aquamancers
  A bennu zombie (Crypt:1)
  11 boulder beetles
  8 ironbound frosthearts
  4 jorogumos
  2 merfolk avatars
  4 radroaches
  19 dancing weapons
  18 centaur warriors
  3 death yaks (Lair:5)
  2 satyrs
  2 tengu warriors
  3 alligator snapping turtles (Shoals:4)
  An anaconda (Shoals:4)
  2 titan zombies
  8 two-headed ogres
  11 orc high priests
  3 vampire magi (Crypt:1)
  9 demonic crawlers
  A shock serpent (Lair:1)
  8 deep elf knights
  A titan skeleton (Crypt:2)
  2 soul eaters
  A fire crab (shapeshifter) (D:14)
  4 skeletal warriors
  2 spectral death yaks (Lair:5)
  3 skysharks
  24 deep trolls
  3 pharaoh ants
  2 glowing orange brains
  12 sea snakes
  8 orb spiders
  2 flayed ghosts (Crypt:2)
  An obsidian statue (Lair:5)
  2 swamp dragons
  4 wizards
  2 bog bodies (Crypt:1)
  11 deep elf archers
  16 deep elf zephyrmancers
  An orange crystal statue (IceCv)
  Pikel (D:7)
  8 lindwurms
  4 orc knights (Orc:2)
  3 necromancers
  4 phantasmal warriors
  13 ironbound convokers
  10 deep elf pyromancers
  10 steelbarb worms
  15 harpies
  8 cyclopes
  3 stone giant zombies
  4 orc sorcerers
  15 wolf spiders
  22 manticores
  7 fauns
  4 moths of wrath
  A salamander (D:15)
  32 ugly things
  10 elephants
  An elephant (shapeshifter) (Elf:2)
  11 vault sentinels
  An ice statue (Elf:2)
  A storm dragon simulacrum (Vaults:4)
  11 water nymphs
  5 black mambas
  4 merfolk sirens
  2 gargoyles (D:12)
  An eye of devastation (Lair:4)
  2 dire elephant zombies (Lair:5)
  12 cane toads
  A yaktaur zombie (Vaults:4)
  2 unseen horrors
  6 torpor snails
  An elf skeleton (Vaults:4)
  2 freezing wraiths
  5 kobold demonologists (D:11)
  19 rime drakes
  Psyche (D:9)
  An efreet (D:15)
  7 komodo dragons
  17 yaktaurs
  3 tengu conjurers
  7 trolls
  An alligator snapping turtle skeleton (Crypt:2)
  A bunyip simulacrum (Crypt:2)
  14 merfolk
  A merfolk (shapeshifter) (Elf:2)
  A troll (shapeshifter) (Elf:2)
  16 polar bears (IceCv)
  4 meliai
  A meliai (shapeshifter) (Elf:2)
  A tyrant leech (Shoals:4)
  15 tarantellas
  2 hornets
  A blink frog (shapeshifter) (Elf:2)
  9 wind drakes
  8 dream sheep
  22 blink frogs
  6 snapping turtles
  14 slime creatures
  An air elemental (Elf:2)
  17 culicivoras
  21 jumping spiders
  Sigmund (D:3)
  4 flying skulls (Crypt:1)
  2 spriggans (D:15)
  3 shadows
  8 wraiths
  5 wyverns
  18 water elementals
  A dire elephant simulacrum (Lair:5)
  56 yaks
  Eustachio (D:6)
  6 basilisks
  5 fire elementals (Spider:2)
  4 hogs (Shoals:2)
  A golden eye (Vaults:4)
  A golden eye (shapeshifter) (Elf:2)
  4 vampire mosquitoes (D:10)
  2 death yak simulacra (Lair:5)
  49 redbacks
  Grum (D:8)
  A basilisk (shapeshifter) (Elf:2)
  A redback (shapeshifter) (Elf:2)
  4 steam dragons
  Menkaure (D:7)
  2 wargs
  A swamp worm (Shoals:4)
  A demonspawn zombie (Crypt:1)
  A glowing shapeshifter zombie (Vaults:4)
  2 acid dragons (D:11)
  A glowing shapeshifter skeleton (Vaults:4)
  Duvessa (D:6)
  5 spectral cane toads (Lair:5)
  A naga skeleton (Crypt:2)
  A hell hound (Spider:2)
  19 water moccasins
  A demonspawn skeleton (Crypt:1)
  3 floating eyes
  A merfolk skeleton (Crypt:1)
  3 sky beasts
  2 black bears
  40 orc warriors
  An ice beast (D:6)
  An ogre (shapeshifter) (Elf:2)
  4 elephant zombies (Lair:5)
  A hornet zombie (Crypt:1)
  8 ogres
  13 wolves
  8 boggarts
  10 centaurs
  2 elephant skeletons (Lair:5)
  7 kobold brigands
  Blork the orc (D:6)
  3 gnoll sergeants
  6 scorpions
  12 bullfrogs
  A necrophage (Crypt:1)
  4 earth elementals
  A cane toad simulacrum (Lair:5)
  15 wights
  Dowan (D:6)
  A human simulacrum (Vaults:4)
  7 killer bees
  3 electric eels (Lair:3)
  3 howler monkeys
  2 lava snakes (Lair:3)
  2 gnoll boudas
  4 jellies
  A basilisk zombie (Crypt:1)
  21 orc priests
  3 hounds
  Crazy Yiuf (D:2)
  Jessica (D:2)
  An iguana (D:5)
  17 orc wizards
  3 sleepcaps
  A mummy (D:9)
  17 gnolls
  8 adders
  2 river rats (Shoals:3)
  2 shadow imps (D:5)
  A white imp (D:7)
  5 worms
  2 dart slugs
  75 orcs
  2 ball pythons (D:1)
  A bat (D:3)
  4 endoplasms
  3 giant cockroaches
  7 goblins
  5 hobgoblins
  A quokka (D:1)
  2 frilled lizards
  A frilled lizard skeleton (Crypt:1)
  15 kobolds
  A kobold skeleton (Crypt:1)
  2 rats (D:1)
1442 creatures vanquished.

Vanquished Creatures (collateral kills)
  Arachne (Spider:3)
  Rupert (D:15)
  A broodmother (Spider:3)
  An ironbound thunderhulk (Vaults:4)
  Josephine (D:12)
  An entropy weaver (Spider:3)
  A vault guard (Vaults:4)
  A hydra (Lair:5)
  A jorogumo (Spider:4)
  A centaur warrior (D:8)
  A boulder beetle (D:15)
  A demonic crawler (Spider:4)
  A spectral anaconda (Lair:5)
  An orb spider (Spider:4)
  2 deep trolls (Vaults:4)
  An ironbound convoker (Vaults:4)
  2 wizards (Vaults:4)
  A necromancer (Lair:5)
  3 ugly things
  A moth of wrath (Spider:3)
  2 elephants (Lair:5)
  A vault sentinel (Vaults:4)
  A black mamba (Lair:5)
  An elf (Vaults:2)
  3 blink frogs (Lair:1)
  A jumping spider (Spider:4)
  A culicivora (Spider:3)
  A wraith (D:12)
  3 yaks
  A wyvern (Lair:5)
  2 redbacks
  4 vampire mosquitoes (D:12)
  A warg (Vaults:2)
  A water moccasin (Lair:1)
  An ogre (Vaults:2)
  2 orcs (Vaults:2)
50 creatures vanquished.

Vanquished Creatures (others)
  A merfolk aquamancer (Shoals:4)
  2 deep elf knights
  2 wizards
  A deep elf zephyrmancer (Elf:3)
  4 deep elf pyromancers
  A manticore (Shoals:1)
  2 rime drakes (IceCv)
  A water elemental (Elf:2)
  A centaur (D:8)
  2 boggarts
  19 spectral weapons
36 creatures vanquished.

Grand Total: 1528 creatures vanquished

Notes
Turn   | Place    | Note
-------+----------+-------------------------------------------
     0 | D:1      | freelancePsychic the Mummy Wanderer began the quest for the
                  | Orb.
     0 | D:1      | freelancePsychic set off with the following items: a +0
                  | club, 2 scrolls of fog, a scroll of blinking, a +0 leather
                  | armour, a phial of floods.
     0 | D:1      | Reached XP level 1. HP: 13/13 MP: 1/1
     2 | D:1      | Noticed a gargoyle
     2 | D:1      | Noticed a draconian
     4 | D:1      | Noticed a formicid
     6 | D:1      | Noticed a vampire
     6 | D:1      | Noticed an armataur
     8 | D:1      | Noticed a human
     8 | D:1      | Noticed an octopode
    10 | D:1      | Noticed a troll
    10 | D:1      | Noticed a minotaur
    12 | D:1      | Noticed an ogre
    12 | D:1      | Noticed a felid
    14 | D:1      | Noticed a naga
    14 | D:1      | Noticed a vine stalker
    16 | D:1      | Noticed a demonspawn
    18 | D:1      | Noticed a merfolk
    18 | D:1      | Noticed a tengu
    20 | D:1      | Noticed a ghoul
    20 | D:1      | Noticed a meteoran
    22 | D:1      | Noticed a spriggan
    22 | D:1      | Noticed a demigod
    24 | D:1      | Noticed an elf
    24 | D:1      | Noticed an ogre
    26 | D:1      | Noticed a tengu
   389 | D:1      | Found a faded altar of an unknown god.
   399 | D:1      | Reached XP level 2. HP: 17/20 MP: 2/2
   481 | D:1      | Reached skill level 1 in Maces & Flails
   967 | D:2      | Reached skill level 1 in Fighting
   979 | D:2      | Found a radiant altar of Vehumet.
  1078 | D:2      | Noticed Jessica
  1084 | D:2      | Killed Jessica
  1085 | D:2      | Gained mutation: You are in touch with the powers of death.
                  | [Mummy growth]
  1085 | D:2      | Reached XP level 3. HP: 26/26 MP: 3/3
  1573 | D:2      | Found a runed translucent door.
  1574 | D:2      | Noticed Crazy Yiuf
  1675 | D:2      | Reached XP level 4. HP: 32/33 MP: 4/4
  1889 | D:2      | Killed Crazy Yiuf
  1890 | D:2      | Reached skill level 2 in Fighting
  2013 | D:3      | Found a sparkling altar of Nemelex Xobeh.
  2036 | D:3      | Noticed Sigmund
  2065 | D:3      | Killed Sigmund
  2066 | D:3      | Reached XP level 5. HP: 17/40 MP: 4/6
  2162 | D:3      | Became a worshipper of Nemelex Xobeh the Trickster
  2171 | D:3      | Reached skill level 3 in Fighting
  2171 | D:3      | Reached XP level 6. HP: 44/47 MP: 7/7
  2211 | D:3      | Found a basalt altar of Yredelemnul.
  2253 | D:3      | Found a shimmering altar of Xom.
  2256 | D:3      | Found a hazy altar of Hepliaklqana.
  2257 | D:3      | Noticed a spectral ugly thing
  2385 | D:3      | Found a burning altar of Makhleb.
  2799 | D:4      | Found a blossoming altar of Fedhas.
  2867 | D:4      | Reached * piety under Nemelex Xobeh
  3184 | D:4      | Received a gift from Nemelex Xobeh
  3633 | D:5      | Entered Level 5 of the Dungeon
  3849 | D:5      | Reached XP level 7. HP: 32/53 MP: 7/9
  3932 | D:5      | Reached skill level 4 in Fighting
  4202 | D:5      | Noticed a yak
  4307 | D:5      | Killed a yak
  4308 | D:5      | Reached skill level 5 in Maces & Flails
  4468 | D:6      | Reached XP level 8. HP: 58/61 MP: 10/10
  4488 | D:6      | Reached ** piety under Nemelex Xobeh
  4989 | D:6      | Reached skill level 5 in Fighting
  5141 | D:7      | Identified the +1 ring mail of the Brewing Gods {rC- Will+
                  | Regen+ Dex+2}
  5173 | D:7      | Noticed Menkaure
  5177 | D:7      | Killed Menkaure
  5360 | D:7      | Noticed Pikel
  5398 | D:7      | Killed Pikel
  5399 | D:7      | Reached skill level 6 in Fighting
  5840 | D:8      | Reached XP level 9. HP: 71/71 MP: 12/12
  5871 | D:7      | Reached skill level 7 in Fighting
  5871 | D:7      | Reached skill level 5 in Invocations
  6135 | D:6      | Reached *** piety under Nemelex Xobeh
  6142 | D:6      | Found a staircase to the Ecumenical Temple.
  6143 | D:6      | Noticed Blork the orc
  6151 | D:6      | Killed Blork the orc
  6176 | D:6      | Found Neshrioko's Antique Armour Shoppe.
  6406 | D:6      | Noticed Eustachio
  6431 | D:6      | Killed Eustachio
  6432 | D:6      | Reached skill level 8 in Fighting
  6530 | D:6      | Noticed Dowan
  6530 | D:6      | Noticed Duvessa
  6563 | D:6      | Killed Duvessa
  6574 | D:6      | Killed Dowan
  6688 | D:6      | Found a runed translucent door.
  6689 | D:6      | Noticed liarliar's ghost (amateur GrMo)
  6842 | D:6      | Found an iron altar of Okawaru.
  6965 | D:6      | Bought a shimmering cloak for 209 gold pieces
  6965 | D:6      | Identified the +0 cloak "Sohut" {rN+ Dex+3 SInv Stlth-}
                  | (You bought it in a shop on level 6 of the Dungeon)
  6965 | D:6      | Bought a glowing helmet for 165 gold pieces
  7284 | D:8      | Reached skill level 9 in Fighting
  7312 | D:8      | Found a staircase to the Lair.
  7394 | D:8      | Reached XP level 10. HP: 83/83 MP: 14/14
  7417 | D:8      | Received a gift from Nemelex Xobeh
  7579 | D:8      | Noticed a centaur warrior
  7587 | D:8      | Killed a centaur warrior
  7719 | D:8      | Noticed a cyan ugly thing
  7721 | D:8      | Reached skill level 10 in Fighting
  7734 | D:8      | Killed a purple ugly thing
  7770 | D:8      | Identified the amulet "Zeezes" {RegenMP +Blink}
  7864 | D:8      | Noticed Grum
  8063 | D:8      | Killed Grum
  8171 | D:8      | Reached **** piety under Nemelex Xobeh
  8186 | D:8      | Found a stormy altar of Qazlal.
  8273 | D:9      | Reached skill level 10 in Maces & Flails
  8317 | D:9      | Noticed a two-headed ogre
  8321 | D:9      | Killed a two-headed ogre
  8322 | D:9      | Reached skill level 11 in Fighting
  8439 | D:9      | Noticed a two-headed ogre
  8455 | D:9      | Killed a two-headed ogre
  8456 | D:9      | Reached XP level 11. HP: 93/93 MP: 16/16
  8681 | D:9      | Found a shadowy altar of Dithmenos.
  8723 | D:9      | Noticed a two-headed ogre
  8734 | D:9      | Killed a two-headed ogre
  8937 | D:9      | Received a gift from Nemelex Xobeh
  8940 | D:9      | Noticed Psyche
  8951 | D:9      | Noticed Harold
  8959 | D:9      | Killed Psyche
  8969 | D:9      | Killed Harold
  8970 | D:9      | Reached skill level 12 in Fighting
  9100 | D:9      | Found a sacrificial altar of Ru.
  9167 | D:9      | Found a snail-covered altar of Cheibriados.
  9268 | D:10     | Entered Level 10 of the Dungeon
  9536 | D:10     | Reached ***** piety under Nemelex Xobeh
  9719 | D:10     | Received a gift from Nemelex Xobeh
  9740 | D:10     | Noticed Snorg
  9746 | D:10     | Killed Snorg
  9747 | D:10     | Reached skill level 13 in Fighting
 10168 | D:11     | Received a gift from Nemelex Xobeh
 10191 | D:11     | Reached XP level 12. HP: 105/105 MP: 18/18
 10245 | D:11     | Noticed a tengu warrior
 10417 | D:11     | Found a staircase to the Orcish Mines.
 10495 | D:11     | Received a gift from Nemelex Xobeh
 10556 | D:11     | Killed a tengu warrior
 10639 | D:11     | Noticed a two-headed ogre
 10649 | D:11     | Killed a two-headed ogre
 10650 | D:11     | Reached skill level 1 in Shields
 11481 | Lair:1   | Entered Level 1 of the Lair of Beasts
 11666 | Lair:1   | Reached skill level 14 in Fighting
 11685 | Lair:1   | Identified the +5 flail "Nituox" {flame, rC+}
 11688 | Lair:1   | Received a gift from Nemelex Xobeh
 11772 | Lair:1   | Reached skill level 10 in Invocations
 12438 | Lair:1   | Received a gift from Nemelex Xobeh
 12504 | Lair:1   | Noticed Gastronok
 12506 | Lair:1   | Gastronok changed into Gastronok the titan
 12506 | Lair:1   | Noticed Gastronok
 12507 | Lair:1   | Gastronok the titan changed into Gastronok the formless
                  | jellyfish
 12507 | Lair:1   | Noticed Gastronok
 12507 | Lair:1   | Gastronok the formless jellyfish changed into Gastronok the
                  | shock serpent
 12507 | Lair:1   | Noticed Gastronok
 12511 | Lair:1   | Killed Gastronok the shock serpent
 12650 | Lair:1   | Reached skill level 5 in Shields
 13359 | Lair:2   | Gained mutation: You are strongly in touch with the powers
                  | of death. [Mummy growth]
 13359 | Lair:2   | Reached XP level 13. HP: 100/113 MP: 20/20
 13526 | Lair:2   | Received a gift from Nemelex Xobeh
 14364 | Lair:2   | Found a staircase to the Shoals.
 14837 | Lair:3   | Reached ****** piety under Nemelex Xobeh
 14977 | Lair:3   | Received a gift from Nemelex Xobeh
 15043 | Lair:3   | Got the Folio of the Insatiable Ghosts
 15757 | Lair:3   | Found a hole to the Spider Nest.
 15864 | Lair:3   | Received a gift from Nemelex Xobeh
 16790 | Lair:4   | Received a gift from Nemelex Xobeh
 16830 | Lair:4   | Paralysed by a floating eye for 3 turns
 16873 | Lair:4   | Paralysed by a floating eye for 2 turns
 17492 | Lair:4   | Found an opulent altar of Gozag.
 18000 | Lair:5   | Entered Level 5 of the Lair of Beasts
 18009 | Lair:5   | Reached XP level 14. HP: 95/120 MP: 21/21
 18073 | Lair:5   | Received a gift from Nemelex Xobeh
 18584 | Lair:5   | Reached skill level 10 in Shields
 18663 | Lair:5   | Found a staircase to the Slime Pits.
 18663 | Lair:5   | Found a viscous altar of Jiyva.
 20437 | Lair:5   | Identified the +4 chain mail "Caepla" {Stlth+}
 20821 | Lair:5   | Reached skill level 15 in Maces & Flails
 21064 | Lair:5   | Identified the +1 pair of gloves "Cushen Pupu" {rC+ MP+9}
 21448 | D:12     | Noticed Josephine
 21466 | D:12     | Killed Josephine
 21543 | D:12     | Received a gift from Nemelex Xobeh
 21927 | D:12     | Upgraded the game from 0.31-a0-152-g6aa68a64a1 to
                  | 0.31-a0-167-g1c394c0614
 21966 | D:13     | Received a gift from Nemelex Xobeh
 22329 | D:13     | Found Lurojerch's Weapon Shoppe.
 22506 | D:13     | Reached XP level 15. HP: 126/126 MP: 22/22
 22635 | D:13     | Found a gate to the Vaults.
 22774 | D:13     | Reached skill level 5 in Armour
 23258 | D:14     | Received a gift from Nemelex Xobeh
 23961 | D:14     | Received a gift from Nemelex Xobeh
 24681 | D:15     | Entered Level 15 of the Dungeon
 24681 | D:15     | Received a gift from Nemelex Xobeh
 24764 | D:15     | Noticed Rupert
 24783 | D:15     | Killed Rupert
 25456 | D:15     | Received a gift from Nemelex Xobeh
 25923 | D:15     | Identified the ring "Ruprieq" {Contam rF++ MP+9 Dex+6
                  | Stlth+}
 26305 | D:15     | Found a staircase to the Depths.
 26431 | Orc:1    | Entered Level 1 of the Orcish Mines
 26479 | Orc:1    | Received a gift from Nemelex Xobeh
 27051 | Orc:2    | Entered Level 2 of the Orcish Mines
 27113 | Orc:2    | Received a gift from Nemelex Xobeh
 27237 | Orc:2    | Found a burning altar of Makhleb.
 27245 | Orc:2    | Received a gift from Nemelex Xobeh
 27329 | Orc:2    | Found Zuukez Naw's General Store.
 27365 | Orc:2    | Found Xatirot's General Store.
 27408 | Orc:2    | Found a staircase to the Elven Halls.
 27632 | Orc:2    | Bought a +2 pair of boots for 231 gold pieces
 27696 | Orc:2    | Reached XP level 16. HP: 50/134 MP: 24/24
 28091 | Orc:2    | Found Citeso's Antique Weapon Boutique.
 28091 | Orc:2    | Found Tadatt's Jewellery Shop.
 28091 | Orc:2    | Found a one-way gate leading to the halls of Pandemonium.
 28197 | Orc:2    | Bought an amulet of reflection for 450 gold pieces
 28415 | Orc:1    | Received a gift from Nemelex Xobeh
 28645 | Spider:1 | Entered Level 1 of the Spider Nest
 29156 | Spider:1 | Identified a scroll of acquirement
 29157 | Spider:1 | Acquired a +2 cloak of willpower
 29234 | Spider:1 | Received a gift from Nemelex Xobeh
 29519 | Shoals:1 | Entered Level 1 of the Shoals
 29525 | Shoals:1 | Reached skill level 15 in Fighting
 30222 | Shoals:1 | Received a gift from Nemelex Xobeh
 30275 | Shoals:1 | Reached skill level 5 in Dodging
 30384 | Shoals:1 | Found a runed translucent gate.
 30384 | Shoals:1 | Found a runed translucent gate.
 30394 | Shoals:1 | Found a runed translucent gate.
 30396 | Shoals:1 | Noticed Tawep's ghost (journeyman DECj)
 30406 | Shoals:1 | Killed Tawep's ghost
 30731 | Shoals:1 | Received a gift from Nemelex Xobeh
 30772 | Shoals:2 | Noticed Ygheper's ghost (adept TeAE)
 30772 | Shoals:2 | Found a runed translucent door.
 30772 | Shoals:2 | Found a shimmering altar of Xom.
 31062 | Shoals:2 | Noticed Kirke
 31119 | Shoals:2 | Killed Kirke
 31335 | Shoals:2 | Received a gift from Nemelex Xobeh
 31848 | Shoals:3 | Received a gift from Nemelex Xobeh
 32085 | Shoals:3 | Reached skill level 16 in Fighting
 32151 | Shoals:3 | Found a runed translucent door.
 32620 | Shoals:4 | Entered Level 4 of the Shoals
 32858 | Spider:2 | Received a gift from Nemelex Xobeh
 33026 | Spider:2 | Noticed Azrael
 33030 | Spider:2 | Killed Azrael
 33040 | Spider:2 | Reached XP level 17. HP: 110/144 MP: 26/26
 33131 | Spider:2 | Identified the +3 long sword "Imp's Undoing" {freeze,
                  | Stlth+}
 33150 | Spider:2 | Received a gift from Nemelex Xobeh
 34068 | Spider:3 | Noticed Arachne
 34080 | Spider:3 | Killed Arachne
 34862 | Spider:3 | Received a gift from Nemelex Xobeh
 35697 | Spider:4 | Entered Level 4 of the Spider Nest
 35743 | Spider:4 | Received a gift from Nemelex Xobeh
 35844 | Spider:4 | Reached skill level 10 in Armour
 37553 | Spider:4 | Received a gift from Nemelex Xobeh
 37730 | Spider:4 | Reached XP level 18. HP: 132/152 MP: 27/27
 38346 | Spider:4 | Got a gossamer rune of Zot
 39792 | Shoals:4 | Identified the +4 broad axe "Plog" {flame, Int-4 Dex+9 SInv
                  | Stlth+}
 39840 | Shoals:4 | Identified the +3 chain mail of Morality {+Blink Will+
                  | rCorr Dex+2}
 39870 | Shoals:4 | Found Alun Uph's Distillery.
 39887 | Shoals:4 | Received a gift from Nemelex Xobeh
 39896 | Shoals:4 | Paralysed by a floating eye for 3 turns
 40076 | Shoals:4 | Found a shimmering blue altar of Sif Muna.
 40557 | Shoals:4 | Found the +5 glaive of the Guard {elec, spectral, AC+5}
 40666 | Shoals:4 | Reached skill level 17 in Fighting
 41098 | Shoals:4 | Got a barnacled rune of Zot
 41543 | Elf:1    | Entered Level 1 of the Elven Halls
 41746 | Elf:1    | Received a gift from Nemelex Xobeh
 42279 | Elf:1    | Found Ocsol's Assorted Antiques.
 42284 | Elf:1    | Bought an encrusted chain mail for 370 gold pieces
 42284 | Elf:1    | Identified the +6 chain mail of the Wary Kissing Beds
                  | {Str+2} (You bought it in a shop on level 1 of the Elven
                  | Halls)
 42635 | Elf:1    | Received a gift from Nemelex Xobeh
 43380 | Elf:2    | Reached skill level 1 in Staves
 43464 | Elf:2    | Found a runed translucent gate.
 43464 | Elf:2    | Found a runed translucent gate.
 43465 | Elf:2    | Found a runed translucent gate.
 43494 | Elf:2    | Received a gift from Nemelex Xobeh
 43518 | Elf:2    | Found a frozen archway.
 43597 | IceCv    | Entered an ice cave
 43744 | IceCv    | Reached XP level 19. HP: 161/161 MP: 29/29
 44460 | IceCv    | Noticed a shard shrike
 44462 | IceCv    | Killed a shard shrike
 44464 | IceCv    | Reached skill level 5 in Evocations
 44552 | IceCv    | Identified the +0 pair of boots "Kumav" {rElec Int+2 Dex-2}
 45258 | Elf:2    | Paralysed by an air elemental for 1 turns
 45298 | Elf:2    | Received a gift from Nemelex Xobeh
 45326 | Elf:2    | Paralysed by a floating eye for 4 turns
 46152 | Elf:3    | Entered Level 3 of the Elven Halls
 46515 | Elf:3    | Received a gift from Nemelex Xobeh
 46663 | Elf:3    | Reached skill level 18 in Fighting
 46692 | Elf:3    | Noticed a Tzitzimitl
 46693 | Elf:3    | Reached skill level 10 in Dodging
 46723 | Elf:3    | Noticed a Brimstone Fiend
 46724 | Elf:3    | Noticed a Brimstone Fiend
 46904 | Elf:3    | Identified the staff of air "Litim" {rElec Str+3}
 46913 | Elf:3    | Identified the +1 whip of the Wraith {heavy, rF- rCorr
                  | Int+2 SInv}
 46960 | Elf:3    | Found the +5 Lochaber axe {reach-cleave, Poleaxe Drain}
 46985 | Elf:3    | Got the Cyclopedia of the Undead
 46986 | Elf:3    | Identified the staff of fire "Zopiw" {Contam rF+ Int+3
                  | Stlth+}
 46987 | Elf:3    | Identified the +2 helmet "Yneig" {Contam rElec rPois Dex+4}
 47001 | Elf:3    | Identified the +0 leather armour of the Barnacle {rElec
                  | rPois Dex-2 SInv}
 47009 | Elf:3    | Got the Omnibus of the Glacier and the Comitatus
 47432 | Vaults:1 | Entered Level 1 of the Vaults
 47449 | Vaults:1 | Reached skill level 5 in Staves
 47656 | Vaults:1 | Received a gift from Nemelex Xobeh
 47937 | Orc:2    | Bought a tin of tremorstones (2/2) for 560 gold pieces
 48303 | Vaults:1 | Reached XP level 20. HP: 92/170 MP: 30/30
 48859 | Vaults:1 | Received a gift from Nemelex Xobeh
 49047 | Vaults:1 | Received a gift from Nemelex Xobeh
 49342 | Vaults:1 | Identified the +9 flail of Rusoy {heavy, Drain Dex+3}
 49631 | Vaults:2 | Received a gift from Nemelex Xobeh
 49654 | Vaults:2 | Noticed Saint Roka
 49678 | Vaults:2 | Saint Roka changed into Saint Roka the juggernaut
 49678 | Vaults:2 | Noticed Saint Roka
 49686 | Vaults:2 | Killed Saint Roka the juggernaut
 49832 | Vaults:2 | Found Ytoghahe's Weapon Shoppe.
 49921 | Vaults:2 | Reached skill level 10 in Evocations
 50086 | Vaults:2 | Received a gift from Nemelex Xobeh
 50151 | Vaults:2 | Found a staircase to the Crypt.
 50151 | Vaults:2 | Found a basalt altar of Yredelemnul.
 50151 | Vaults:2 | Found an ancient bone altar of Kikubaaqudgha.
 50436 | Vaults:2 | Received a gift from Nemelex Xobeh
 50722 | Vaults:3 | Received a gift from Nemelex Xobeh
 50746 | Vaults:3 | Noticed Asterion
 50759 | Vaults:3 | Killed Asterion
 51033 | Vaults:3 | Found Etzueh's Weapon Emporium.
 51115 | Vaults:3 | Received a gift from Nemelex Xobeh
 52063 | Vaults:3 | Identified the +10 scale mail of Fanaticism {rCorr}
 52172 | Vaults:3 | Received a gift from Nemelex Xobeh
 52725 | Vaults:4 | Found Edeukk's Distillery.
 53686 | Vaults:4 | Received a gift from Nemelex Xobeh
 53713 | Vaults:4 | Reached XP level 21. HP: 177/177 MP: 31/31
 54351 | Vaults:4 | Received a gift from Nemelex Xobeh
 54625 | Crypt:1  | Entered Level 1 of the Crypt
 55284 | Crypt:1  | Received a gift from Nemelex Xobeh
 56754 | Crypt:2  | Received a gift from Nemelex Xobeh
 56811 | Crypt:2  | Killed from afar by a revenant

Illustrated notes

Levels and vault maps discovered:
D:1:      kb_arrival_jail, layout_basic, ebering_ecumenical_altar_petrified
D:2:      layout_basic, basic_altar, kennysheep_minor_cross,
          uniq_crazy_yiuf_cottage, uniq_jessica
D:3:      layout_loops_ring, regret_index_temple_of_mockery,
          mainiacjoe_overflow_paths, mainiacjoe_overflow_catch_the_wave,
          uniq_sigmund
D:4:      wander_river, layout_loops_ring, fedhas_altar_decomposition
D:5:      layout_loops_ring, minmay_misc_feat_five, nrook_pool_corridor,
          minmay_manual_mess
D:6:      layout_loops_corners, mainiacjoe_overflow_concentric_impassable,
          lemuel_doored_altar, minmay_temple_entry_tees,
          ebering_ghost_reflecting_pool, serial_shops,
          nicolae_inconvenience_store, uniq_blork_the_orc, uniq_eustachio,
          uniq_duvessa
D:7:      layout_loops_ring, uniq_pikel, uniq_menkaure
D:8:      wad_statue_garden, layout_cave_pools, nicolae_overflow_hidden_temple,
          lair_entry_dummy, kennysheep_generic_room_14, uniq_grum
D:9:      layout_irregular_city, slow_altar_2, marbit_many_paths,
          mainiacjoe_overflow_alcove_4, kennysheep_generic_room_15, uniq_psyche,
          uniq_harold
D:10:     layout_roguey, uniq_snorg
D:11:     layout_basic, kennysheep_orc_monster_closet_entryway
D:12:     layout_gridville, uniq_josephine
D:13:     layout_cave_pools, david_vaults_5, serial_shops,
          nicolae_lakefront_shop, minivault_16
D:14:     layout_loops_corners, minmay_tree_intersection, water_boxes_lemuel
D:15:     hangedman_depths_entry_try_elsewhere_first, layout_long_grid,
          hex_medium, minmay_the_grid_2x2 [minmay_the_grid_empty,
          minmay_the_grid_x, minmay_the_grid_medium_cups,
          minmay_the_grid_prize_four_corners_diamond_b], uniq_rupert
Lair:1:   layout_roguey, lemuel_fruit_tree, uniq_gastronok
Lair:2:   hellmonk_destroyed_diamonds, layout_regular_city,
          elwin_shoals_entry_rooms
Lair:3:   layout_regular_city, nicolae_spider_entry_non_spiders,
          nicolae_lair_liquid_snakes, infiniplex_staircase_pool_2
Lair:4:   layout_cave_pods, basic_altar, infiniplex_staircase_pool
Lair:5:   due_jungle_book, layout_regular_city, slime_entry_1
Shoals:1: layout_shoals, ebering_ghost_rock_garden
Shoals:2: layout_shoals, ebering_ghost_xom, uniq_kirke
Shoals:3: layout_shoals, lightli_airlock
Shoals:4: shoals_end_simple, layout_shoals, serial_shops,
          nicolae_shop_getting_attention, lemuel_altar_in_water,
          nicolae_shoals_water_shrine
Spider:1: layout_spider_delve
Spider:2: layout_cave_pods, drop_trap, uniq_azrael
Spider:3: nicolae_spider_hilbert_zone_4 [nicolae_spider_hilbert_4_sides_2_open,
          nicolae_spider_hilbert_4_sides_1_open,
          nicolae_spider_hilbert_4_sides_1_open,
          nicolae_spider_hilbert_4_sides_1_open,
          nicolae_spider_hilbert_4_sides_1_open,
          nicolae_spider_hilbert_2_sides_1_open,
          nicolae_spider_hilbert_2_sides_1_open,
          nicolae_spider_hilbert_2_sides_1_open,
          nicolae_spider_hilbert_2_sides_1_open,
          nicolae_spider_hilbert_6_sides_1_open,
          nicolae_spider_hilbert_6_sides_1_open,
          nicolae_spider_hilbert_3_sides_1_open,
          nicolae_spider_hilbert_3_sides_1_open], hellmonk_narrow_tunnel,
          uniq_arachne
Spider:4: johnstein_spider_rune_arachne_lair
Orc:1:    layout_diamond_mine
Orc:2:    pf_orc_diabolical, layout_caves, basic_altar
Elf:1:    layout_geoelf_octagon, serial_shops, shop_fountains,
          hangedman_elf_disciples, dilly_guarded_unrand_elemental_staff
Elf:2:    nicolae_elf_blades_splatter_lattice
          [nicolae_blade_entry_crossed_weapons], layout_loops_corners,
          portal_ice_cave_entry_ice_statue_two, nicolae_elf_shapeshifter_party,
          uniq_donald
Elf:3:    elf_hall, layout_geoelf_diagonals, nicolae_elf_variegated_diamond
Vaults:1: v_alt_pattern_6, nicolae_vaults_storage_closets_2,
          ontoclasm_vaults_hangar, nicolae_vaults_frosty_reception,
          nicolae_vaults_security_offices_4, hangedman_vaults_restitches,
          v_misc_5, nicolae_vaults_diamond_2, nicolae_vaults_back_hallway,
          nicolae_vaults_trapezoid_2, v_misc_4, vaults_room_pools,
          layout_vaults_omnibox
Vaults:2: v_misc_30, nicolae_vaults_holding_cells,
          nicolae_vaults_storage_closets_1, v_alt_pattern_5,
          vaults_room_semicircle, nicolae_vaults_apartment_1,
          ontoclasm_vaults_ring_square, minmay_crypt_entry_necro_gods,
          layout_vaults_omnigrid, serial_shops, nicolae_square_shop,
          uniq_saint_roka
Vaults:3: nicolae_vaults_double_plus_1, nicolae_vaults_wrenched,
          nicolae_vaults_little_squares_1, v_misc_23, nicolae_vaults_asterisk,
          nicolae_vaults_surprise_closet, nicolae_vaults_security_offices_6,
          ontoclasm_vaults_twist, hangedman_vaults_corner,
          nicolae_vaults_asterisk, v_misc_16, vaults_room_grunt_arrival_ludios,
          layout_vaults_omnicross, serial_shops, shop_fountains, uniq_asterion
Vaults:4: hangedman_vaults_unwind, nicolae_vaults_trapezoid_layered,
          nicolae_vaults_hexular_roomagon, nicolae_vaults_storage_closets_3,
          vaults_room_pool, nicolae_vaults_ring_of_whatevers,
          vaults_room_semicircle, v_alt_pattern_2, v_pattern_1,
          nicolae_vaults_sealed_display, vaults_room_fours,
          layout_vaults_big_room, serial_shops, nicolae_shop_just_a_little_nook
Crypt:1:  layout_misc_corridors, wad_floor_pattern_untrapped, st_stairs_1,
          lemuel_upstairs_altar, uniq_josephina
Crypt:2:  layout_chaotic_city, nicolae_crypt_cryptocurrency,
          nicolae_danse_macabre

Skill      XL: |  1  2  3  4  5  6  7  8  9 10 11 12 13 14 15 16 17 18 19 20 21 |
---------------+----------------------------------------------------------------+-----
Maces & Flails | 1 2 3 4 5 7 8 10 11 12 13 15 16 | 16.0
Fighting       | 1 2 3 4 6 9 11 13 14 16 17 18 | 18.0
Invocations    | 2 3 4 6 7 9 10 12 13 14 | 14.4
Shields        | 5 9 10 12 | 12.7
Armour         | 4 8 11 12 13 | 13.5
Dodging        | 2 6 8 10 | 10.0
Evocations     | 4 8 12 | 12.0
Staves         | 1 5 6 |  6.0
Stealth        | |  1.2
Unarmed Combat | |  1.5

Action                     |  1- 3 |  4- 6 |  7- 9 | 10-12 | 13-15 | 16-18 | 19-21 || total
---------------------------+-------+-------+-------+-------+-------+-------+-------++-------
  Melee: Mace              |    79 |     5 |       |       |       |       |       ||    84
         Punch             |     2 |       |       |       |       |       |       ||     2
         Quarterstaff      |       |    91 |   344 |   358 |       |       |       ||   793
         Morningstar       |       |       |       |   206 |   454 |  1442 |       ||  2102
         Flail             |       |       |       |   103 |   805 |       |       ||   908
         Staff             |       |       |       |       |       |   261 |  2236 ||  2497
 Invoke: Draw Escape       |       |     1 |       |    12 |    12 |    13 |     7 ||    45
         Draw Destruction  |       |       |     4 |    20 |    36 |    40 |    40 ||   140
         Draw Summoning    |       |       |       |     3 |    13 |     7 |     8 ||    31
         Deal Four         |       |       |       |     3 |     3 |     8 |     4 ||    18
  Evoke: Phial of floods   |       |     2 |     2 |     4 |     1 |     1 |     2 ||    12
         Wand              |       |       |     5 |    26 |    12 |       |     1 ||    44
         Lightning rod     |       |       |       |       |       |     2 |     8 ||    10
         Tin of tremorston |       |       |       |       |       |       |     4 ||     4
    Use: Scroll            |     2 |     4 |     2 |     6 |    19 |     4 |    13 ||    50
   Stab: Paralysed         |       |       |     7 |     5 |       |       |       ||    12
         Held in net/web   |       |       |       |     2 |       |       |       ||     2
         Confused          |       |       |       |     1 |       |       |       ||     1
         Petrified         |       |       |       |       |     1 |       |       ||     1
         Distracted        |       |       |       |       |     1 |    20 |     1 ||    22
         Sleeping          |       |       |       |       |       |     3 |       ||     3
         Petrifying        |       |       |       |       |       |       |     3 ||     3
 Armour: Leather armour    |     8 |       |       |       |       |       |       ||     8
         Ring mail         |    17 |    24 |   128 |   266 |       |       |       ||   435
         Chain mail        |       |    41 |    50 |       |   184 |   633 |   200 ||  1108
         Scale mail        |       |       |       |    71 |   286 |       |       ||   357
         Crystal plate arm |       |       |       |       |       |       |   739 ||   739
  Dodge: Dodged            |    39 |    36 |   205 |   362 |   241 |   424 |   611 ||  1918
  Block: Buckler           |       |       |       |    34 |     2 |       |       ||    36
         Tower shield      |       |       |       |       |   918 |  1839 |  2684 ||  5441
         Reflection        |       |       |       |       |       |    70 |    83 ||   153

Table legend: (Time is in decaauts)
 A = Elapsed time spent in this place.
 B = Non-inter-level travel time spent in this place.
 C = Inter-level travel time spent in this place.
 D = Time resting spent in this place.
 E = Time spent auto-exploring this place.
 F = Levels seen in this place.
 G = Mean time per level.
                   A        B        C        D        E       F      G
               +--------+--------+--------+--------+--------+-----+--------+
         Total |  56503 |  52544 |   3959 |   2162 |  39080 |  40 | 1412.6 |
       Dungeon |  17265 |  15608 |   1657 |    629 |  11612 |  15 | 1151.0 |
          Lair |  10412 |   9916 |    496 |    297 |   7914 |   5 | 2082.4 |
        Shoals |   5403 |   5028 |    375 |    288 |   3556 |   4 | 1350.8 |
   Spider Nest |   6790 |   6448 |    342 |     88 |   5034 |   4 | 1697.5 |
  Orcish Mines |   2587 |   2106 |    481 |    183 |   1504 |   2 | 1293.5 |
   Elven Halls |   4202 |   3946 |    256 |    254 |   2583 |   3 | 1400.7 |
        Vaults |   6629 |   6331 |    298 |    198 |   4876 |   4 | 1657.2 |
         Crypt |   2088 |   2037 |     51 |    225 |   1233 |   2 | 1044.0 |
      Ice Cave |   1123 |   1123 |      0 |      0 |    767 |   1 | 1123.0 |
               +--------+--------+--------+--------+--------+-----+--------+

Top non-repeatable levels by time:
  Lair:5: 3277 daAuts
Spider:4: 3109 daAuts
Shoals:4: 2077 daAuts
    D:14: 2030 daAuts
  Lair:3: 1938 daAuts
  Lair:2: 1893 daAuts
Vaults:4: 1886 daAuts
Vaults:3: 1829 daAuts
Spider:3: 1714 daAuts
  Lair:1: 1702 daAuts
   Orc:2: 1697 daAuts
Vaults:1: 1628 daAuts
   Elf:2: 1626 daAuts
  Lair:4: 1600 daAuts
 Crypt:1: 1596 daAuts
